Cogmind - Beta 14 @@@ ROGUE MODE // 2024.10.07 @ 20:24:33 Player: THN-L0C Result: Destroyed by 8H-J8A(R) with Subdweller Beam Cannon Performance ------------- Evolutions (0) 0 Regions Visited (2) 400 Robots Destroyed (35) 175 Value Destroyed (714) 714 Prototype IDs (0) 0 Alien Tech Used (0) 0 Bonus (0) 0 TOTAL SCORE: 1289 Bonus ------- None Cogmind --------- Core Integrity 0/250 Matter 295/300 Energy 199/200 System Corruption 1% Temperature Cool (9) Movement Rolling (130) Ox2 Location -10/Subcaves Parts ------- > --- POWER (1) -------- Subdweller Power Source > --- PROPULSION (2) --- Subdweller Monowheel > --- UTILITY (2) ------ High-capacity Storage Unit Makeshift Light Armor Plating > --- WEAPON (2) ------- (None) > --- INVENTORY (20) --- Ion Engine Subdweller Monowheel High-capacity Matter Pod (200) High-capacity Matter Pod (38) High-capacity Matter Pod (0) Improved Terrain Scanner Seismic Detector Scrap Shield Small Laser Small Laser Light Assault Rifle Light Assault Rifle Peak State ------------ > --- POWER ------------ Subdweller Power Source > --- PROPULSION ------- Subdweller Monowheel > --- UTILITY ---------- High-capacity Storage Unit Makeshift Light Armor Plating > --- WEAPON ----------- Grenade Launcher > --- INVENTORY -------- Ion Engine Subdweller Monowheel High-capacity Matter Pod High-capacity Matter Pod High-capacity Matter Pod Improved Terrain Scanner Seismic Detector Scrap Shield Small Laser Small Laser Light Assault Rifle Light Assault Rifle [Rating: 11] Favorites ----------- Power Ion Engine Engine Ion Engine Propulsion Light Treads Treads Light Treads Wheel Subdweller Monowheel Utility Seismic Detector Device Seismic Detector Storage High-capacity Storage Unit Protection Makeshift Light Armor Plating Weapon Small Laser Energy Gun Small Laser Ballistic Gun Light Assault Rifle Launcher Grenade Launcher Special Weapon Mining Laser Build | -11 -10 -10 ------- Run | Yrd Mat Sub Slots Evolved . | . . . Power . | . . . Propulsion . | . . . Utility . | . . . Weapon . | . . . Parts Attached 34 | 7 15 12 Power 4 | 1 2 1 Engine 4 | 1 2 1 Core . | . . . Reactor . | . . . Propulsion 4 | 2 . 2 Treads 2 | 2 . . Leg . | . . . Wheel 2 | . . 2 Hover . | . . . Flight . | . . . Utility 9 | 2 2 5 Device 6 | 1 1 4 Storage 2 | 1 1 . Processor . | . . . Hackware . | . . . Protection 1 | . . 1 Artifact . | . . . Weapon 17 | 2 11 4 Energy Gun 2 | . 2 . Energy Cannon . | . . . Ballistic Gun 5 | 2 3 . Ballistic Cannon . | . . . Launcher 7 | . 4 3 Special Weapon 3 | . 2 1 Impact Weapon . | . . . Slashing Weapon . | . . . Piercing Weapon . | . . . Special Melee Weapon . | . . . Unidentified Prototypes . | . . . Parts Lost 6 | . . 6 Power . | . . . Propulsion 2 | . . 2 Utility . | . . . Weapon 4 | . . 4 Highest Loss Streak 2 | . . 2 To Critical Strikes . | . . . Average Slot Usage (%) 96 | . 100 92 Engine 14 | . 14 14 Treads 23 | . 28 19 Device 13 | . 14 13 Storage 14 | . 14 14 Energy Gun 14 | . 17 12 Ballistic Gun 3 | . 6 . Launcher 5 | . 2 7 Special Weapon 3 | . . 6 Peak Build Rating 11 | 7 8 11 Average Rating 7 | 6 7 8 On Entrance 5 | . 7 8 Naked Turns . | . . . Heaviest Build 52 | 11 48 52 Greatest Support 40 | 40 40 40 Greatest Overweight (x) 16 | 3 1 16 Average Overweight (x) 1 | . . 2 Largest Inventory Capacity 20 | 8 20 20 Average Capacity 17 | 7 15 20 Most Carried 13 | 2 11 13 Average Carried 9 | . 9 10 Final Capacity 20 | 8 20 20 Final Carried 13 | 2 11 13 Class Distribution -------------------- 100% | Mutant Dominant Class ---------------- Mutant | -10/Materials Mutant | -10/Subcaves Resources | -11 -10 -10 ----------- Run | Yrd Mat Sub Matter Collected 1064 | 252 404 408 Remotely . | . . . Salvage Created 764 | 108 444 212 Parts 76 | 13 45 18 Haulers Intercepted 1 | . 1 . Recyclers Shooed 1 | . 1 . Parts Field Recycled . | . . . Retrieved Matter . | . . . Parts Self-Destructed 9 | . . 9 Prevented . | . . . Kills | -11 -10 -10 ------- Run | Yrd Mat Sub Combat Hostiles Destroyed 20 | . 10 10 Guns 3 | . 3 . AOE 17 | . 7 10 Classes Destroyed 11 | 2 6 3 Worker 5 | . 5 . Tunneler 4 | 3 1 . Hauler 1 | . 1 . Recycler 1 | 1 . . Operator 1 | . 1 . Watcher 3 | . 3 . Swarmer 8 | . 6 2 Grunt 4 | . 4 . Hunter 2 | . . 2 Programmer 1 | . . 1 Subdweller 5 | . . 5 Best Kill Streak 4 | 2 4 4 Combat Bots Only 4 | . 3 4 Max Kills in Single Turn 3 | 1 3 2 Gunslinging . | . . . Exploded 3 | . 3 2 Melee . | . . . Uniques/NPCs Destroyed . | . . . Combat | -11 -10 -10 -------- Run | Yrd Mat Sub Hostile Shots Fired 69 | . 30 39 Missed 20 | . 8 12 Damage Taken 1042 | . 338 704 Core 260 | . 29 231 Absorbed by Shields . | . . . Regen/Repaired (Parts) 28 | . 28 . Core Remaining (%) 100 | 100 . . Volleys Fired 100 | 15 53 32 Largest 2 | 2 2 2 Hottest 120 | 40 120 100 Shots Fired 164 | 30 99 35 Gun 123 | 30 88 5 Cannon . | . . . Launcher 24 | . 7 17 Special 17 | . 4 13 Kinetic 72 | 30 42 . Thermal 68 | . 50 18 Explosive 24 | . 7 17 Electromagnetic . | . . . Robot Hit Streak 11 | 5 11 8 Robot Miss Streak 4 | 3 4 1 Penetration Max . | . . . Secondary Targets . | . . . Shots Hit Robots 88 | 18 60 10 Core Hits 61 | 9 30 22 Critical Kills . | . . . Critical Parts Destroyed . | . . . Critical Strikes . | . . . Melee Attacks . | . . . Impact . | . . . Slashing . | . . . Piercing . | . . . Sneak Attacks . | . . . Combat Hostiles . | . . . Follow-up Attacks . | . . . Damage Inflicted 2061 | 161 972 928 Guns 761 | 161 546 54 Cannons . | . . . Explosions 1297 | . 423 874 Melee . | . . . Ramming 3 | . 3 . Kinetic 365 | 161 204 . Thermal 396 | . 342 54 Explosive 1297 | . 423 874 Electromagnetic . | . . . Impact . | . . . Slashing . | . . . Piercing . | . . . Highest Corruption 1 | . . 1 Average Corruption 1 | . . 1 Corruption Purged . | . . . Corruption Blocked . | . . . Effects 7 | . . 7 Message Errors 4 | . . 4 Matter Fused 2 | . . 2 Data Loss (minor) 1 | . . 1 Overload Shots . | . . . Overflow Damage 35 | . 35 . Projectiles . | . . . Explosions 35 | . 35 . Melee . | . . . Knockbacks . | . . . Impact . | . . . Kinetic . | . . . Secondary . | . . . Self-Inflicted Damage 102 | . 55 47 Shots 5 | . 3 2 Rammed 1 | . 1 . Targets Rammed 1 | . 1 . Kicked . | . . . Crushed . | . . . Highest Temperature 60 | . 60 . Average Temperature 18 | . 18 . Received Heat Transfer 192 | . 129 63 Siege Activations . | . . . Robots Corrupted . | . . . Combat Hostiles . | . . . Parts Fried . | . . . Impact Corruptions . | . . . Robots Melted . | . . . Combat Hostiles . | . . . Parts Melted . | . . . Heat Transferred 900 | . 775 125 Parts Sabotaged . | . . . Parts Stolen . | . . . Parts Stripped . | . . . Power Chain Reactions . | . . . Alert | -11 -10 -10 ------- Run | Yrd Mat Sub Peak Influence 219 | 20 219 . Initial 13 | . 13 . Average 49 | 10 52 . Maximum Alert Level 1 | . 1 . Low Security (%) 89 | 100 89 . Level 1 10 | . 10 . Level 2 . | . . . Level 3 . | . . . Level 4 . | . . . Level 5 . | . . . High Security . | . . . Max Security . | . . . Squads Dispatched 2 | . 2 . Investigation . | . . . Extermination . | . . . Reinforcement 2 | . 2 . Assault . | . . . Garrison . | . . . Intercept . | . . . Searches Triggered . | . . . Construction Impeded . | . . . Haulers Reinforced . | . . . Active Scanning Responses . | . . . Cargo Convoy Interrupts . | . . . Stealth | -11 -10 -10 --------- Run | Yrd Mat Sub Distress Signals 1 | . 1 . Communications Jammed . | . . . Distress Signals . | . . . Times Spotted 33 | . 20 13 Peak Tracking Total 4 | . 4 3 Tactical Retreats . | . . . Traps | -11 -10 -10 ------- Run | Yrd Mat Sub Traps Triggered 1 | . 1 . Indirectly . | . . . Trap Hack Attempts . | . . . Triggered . | . . . Disarmed . | . . . Reprogrammed . | . . . Reused . | . . . Traps Extracted . | . . . Installed . | . . . Triggered 2 | . . 2 Machines | -11 -10 -10 ---------- Run | Yrd Mat Sub Machines Disabled 1 | . 1 . Max in Single Turn 1 | . 1 . Machines Repaired . | . . . Machines Dismantled . | . . . Machines Sabotaged . | . . . Overloaded Fab Kills . | . . . Hacking | -11 -10 -10 --------- Run | Yrd Mat Sub Machines Accessed 8 | . 7 1 Terminals 6 | . 6 . Fabricators . | . . . Repair Stations 1 | . 1 . Recycling Units . | . . . Scanalyzers . | . . . Garrison Access . | . . . Total Hacks 22 | . 21 1 Successful 14 | . 13 1 Failed 8 | . 8 . Catastrophic . | . . . Database Lockouts . | . . . Manual 19 | . 19 . Terminals 19 | . 19 . Fabricators . | . . . Repair Stations 2 | . 2 . Recycling Units . | . . . Scanalyzers . | . . . Garrison Access . | . . . Terminal Hacks 5 | . 4 1 Robot Analysis 3 | . 3 . Open Door 1 | . . 1 Terminal Index 1 | . 1 . Fabricator Hacks . | . . . Repair Station Hacks 2 | . 2 . Scan Component 1 | . 1 . Repair 1 | . 1 . Recycling Unit Hacks . | . . . Scanalyzer . | . . . Garrison Access Hacks . | . . . Unauthorized Hacks 7 | . 7 . Terminals 7 | . 7 . Botnet 2 | . 2 . Skim 5 | . 5 . Fabricators . | . . . Repair Stations . | . . . Recycling Units . | . . . Scanalyzers . | . . . Garrison Access . | . . . Data Cores Recovered . | . . . Used . | . . . Hacking Detections 7 | . 7 . Full Trace Events . | . . . Feedback Events . | . . . Feedback Blocked . | . . . Robot Schematics Acquired . | . . . Robots Built . | . . . Authchips . | . . . Time . | . . . Total Robot Build Rating . | . . . Part Schematics Acquired . | . . . Parts Built . | . . . Authchips . | . . . Time . | . . . Total Part Build Rating . | . . . Parts Repaired 1 | . 1 . Time 26 | . 26 . Parts Recycled . | . . . Recycled Matter . | . . . Retrieved Matter . | . . . Retrieved Components . | . . . Parts Scanalyzed . | . . . Part Schematics Acquired . | . . . Parts Damaged . | . . . Bothacking | -11 -10 -10 ------------ Run | Yrd Mat Sub Used RIF Installer . | . . . Robots Hacked . | . . . Non-combat . | . . . Combat . | . . . Robot Hacks Applied . | . . . Relay Couplers Released . | . . . Fabnet Peak Effective % . | . . . Robots Rewired . | . . . Allies Hacked . | . . . Hacks Repelled . | . . . Allies | -11 -10 -10 -------- Run | Yrd Mat Sub Total Allies . | . . . Largest Group . | . . . Highest-Rated Group . | . . . Highest-Rated Ally . | . . . Total Orders . | . . . Ally Attacks . | . . . Total Damage . | . . . Kills . | . . . Allies Corrupted . | . . . Allies Melted . | . . . Intel | -11 -10 -10 ------- Run | Yrd Mat Sub Robot Analysis Total 3 | . 3 . Derelict Logs Recovered 2 | . . 2 Drone Launches . | . . . Drone Recoveries . | . . . Exploration | -11 -10 -10 ------------- Run | Yrd Mat Sub Turns Passed 5743 | 187 2685 2871 Spaces Moved 1629 | 87 729 813 Core 75 | 14 . 61 Treads 1317 | 73 729 515 Legs . | . . . Wheels 237 | . . 237 Hover . | . . . Flight . | . . . Fastest Speed 50 | 50 160 120 Average Speed 214 | 152 178 253 Slowest Speed 850 | 200 240 850 Overloaded Moves . | . . . Propulsion Burnouts . | . . . Robots Hopped . | . . . Cave-ins Triggered . | . . . Exploration Rate (%) 42 | 6 83 38 Regions Visited 2 Branch Regions 1 Pre-discovered Areas 2 | . 1 1 Known Exits Taken 1 | . 1 . Unknown Exits Taken 1 | 1 . . Scrap Searched 2 | . . 2 Spaces Dug 14 | . 2 12 Terrain Destroyed 125 | . 24 101 Melee . | . . . Projectile 4 | . 4 . AOE 121 | . 20 101 Terrain Rammed . | . . . Walls Destroyed . | . . . Machines Disabled . | . . . Actions | -11 -10 -10 --------- Run | Yrd Mat Sub Total 3685 | 114 2010 1561 Wait 1905 | 4 1201 700 Move 1627 | 86 728 813 Hop . | . . . Pick Up 13 | 2 9 2 Fast Attach 9 | 7 . 2 Attach 2 | . . 2 Detach 1 | . . 1 Swap 23 | . 15 8 Drop 4 | . 3 1 Fire 100 | 15 53 32 Melee . | . . . Ram . | . . . Kick . | . . . Crush 1 | . 1 . Escape Stasis . | . . . Rewire . | . . . Trap . | . . . Miscellaneous . | . . . Route ------- -11/Scrapyard -10/Materials (discovered 6 exits: *Mat x3 / [*Min x2] / *Sub) -10/Subcaves (discovered 3 exits: *Mat x2 / Rec) History --------- Turn | Location | Event 57 | -11/Scrapyard | Discovered new exit (range 16) 188 | -11/Scrapyard | Entered Materials 314 | -10/Materials | Build established: Mutant 336 | -10/Materials | Discovered new exit (range 9) 378 | -10/Materials | Discovered new exit (range 6) 575 | -10/Materials | Repaired Hcp. Matter Pod 638 | -10/Materials | Discovered new exit (range 15) 731 | -10/Materials | Discovered new exit (range 8) 1041 | -10/Materials | Identified exit to Subcaves 1041 | -10/Materials | Identified exit to Materials 1041 | -10/Materials | Learned location of 1 exit from Materials 1237 | -10/Materials | Learned Storage emergency access door positions 1354 | -10/Materials | Learned location of Mines (-8) 1396 | -10/Materials | Learned Storage emergency access door positions 1447 | -10/Materials | Learned 4 Recycling zone layouts 1507 | -10/Materials | Learned Storage garrison access intel 2873 | -10/Materials | Entered Subcaves 2874 | -10/Subcaves | Identified exit to Materials 2874 | -10/Subcaves | Identified exit to Recycling 4192 | -10/Subcaves | A swath of the cavern ceiling suddenly collapsed 4888 | -10/Subcaves | Ambushed by research squad 5559 | -10/Subcaves | Learned location of Zion (-7) 5569 | -10/Subcaves | Disturbed a concealed Subdweller 5582 | -10/Subcaves | Core integrity fell below 50% 5585 | -10/Subcaves | Ambushed by Subdweller buried in earth 5585 | -10/Subcaves | Ambushed by Subdweller buried in earth 5588 | -10/Subcaves | Ambushed by Subdweller buried in earth 5661 | -10/Subcaves | Learned 4 Materials zone layouts 5723 | -10/Subcaves | A Subdweller sparked back to life 5723 | -10/Subcaves | A Subdweller sparked back to life 5723 | -10/Subcaves | A Subdweller sparked back to life 5725 | -10/Subcaves | Core integrity fell below 20% 5744 | -10/Subcaves | Destroyed by 8H-J8A(R) with Subdweller Beam Cannon Last Messages --------------- 05627_ Acquired Mak. Light Armor Plating. 05628_ The unstable cave ceiling collapses. 05628_ Searching scrap... 05628_ Found Scrap Shield. 05628_ Found 61 Matter. 05629_ Acquired 61 matter. 05630_ Subatomizers dissect the Sub. Optics. 05630_ Acquired Scrap Shield. 05635_ The unstable cave ceiling collapses. 05635_ Acquired 2 matter. 05644_ Subatomizers dissect the Sub. Optics. 05649_ The unstable cave ceiling collapses. 05655_ Subatomizers dissect the Sub. Optics. 05661_ QJMOQMF2O7JRYCSM/HCJ& 05661_ Acquired derelict log, extracted data. Data stored: Materials zone layouts (x4). 05723_ YG-JLW(R) creaks and sparks as it begins to move. 05723_ 8H-J8A(R) creaks and sparks as it begins to move. 05723_ YU-45A(R) creaks and sparks as it begins to move. 05727_ Grenade Launcher destroyed. Map ----- +----------------------------------------------------+ | """"##????????????????????????????????????????#?# | | ## #??????????????????????????????????????????? | | #?????????????????????????????????????????#? | | ##??????????????????????????????????????????? | | #???????????????????????????????????????????? | | #???????????????????????????????????????????? | | ## #???????????????????????????????????????????? | | # ##???????????????????????????????????????????? | | #???????????????????????????????????????????? | | # ## #??????????????????????????????????????????? | | ####?##??????????????????????????????????????????? | | ?????????????????????????????????????????????????? | | ?????????????????????????????????????????????????? | | ?????????????????????????????????????????????????? | | #????????????????????????????????????????????????? | | ##???????????????????????????????????????????????? | | #???###?????????????????????????????????????????? | | ##???# ##???????#"""""???????????????????????????? | | ###### #???####"""""""??????????????????????????? | | ?# ##??##"""""#""""?""###????????????????????? | | ## ### #"## """ """"#??""""#????????????????????? | | ### " ## "" #"#""##?""""?????????????????????? | | # # ###"" " "#?#""#?????????????????????? | | # " "### ###" ### # #??????????????? | | # " &" # RR# ##""" #????????????????? | | " # R @ "" #????????????????? | | ## # ## ## ##"## #????????????????? | | ## ########### ####??????????????????????? | | ### ##?????????#######?????????????????????????? | | ##?####??????????????????????????????????????????? | | ?????????????????????????????????????????????????? | | ?????????????????????????????????????????????????? | | ?????????????????????????????????????????????????? | | ?????????????????????????????????????????????????? | | ?????????????????????????????????????????????????? | | ?????????????????????????????????????????????????? | | ?????????????????????????????????????????????????? | | ?????????????????????????????????????????????????? | | ?????????????????????????????????????????????????? | | ?????????????????????????????????????????????????? | | ?????????????????????????????????????????????????? | | ?????????????????????????????????????????????????? | | ?????????????????????????????????????????????????? | | ?????????????????????????????????????????????????? | | | | | | | | | | | | | +----------------------------------------------------+ Best States ------------- Heat Dissipation 25 Energy Generation 15 Energy Capacity 250 Matter Stores 300 Matter Capacity 300 Sight Range 16 Terrain Scan Range 16 Terrain Scan Density 10 Armor Coverage 100 Evasion (%) 40 Recoil Reduction 2 Item Schematics ----------------- None Robot Schematics ------------------ None Fabricated ------------ Nothing Alien Tech Used ----------------- None Achievements -------------- None Challenges ------------ None Game ------ Seed WeaponCoolingArchive Manual? 0 Play Time 00:17:55 Cumulative 310.3 hours Start 2024.10.07 @ 20:06:20 End 2024.10.07 @ 20:24:33 Sessions 1 Manual Loads 0 Difficulty Rogue Special Mode None Game No. 249 Rogue 249 Adventurer 0 Explorer 0 Win Type - Total 2 Types 1/0/0/1/0/0/0/0/0 Lore% 74 Gallery% 79 Achievement% 59 Wizard Run 0 Options --------- Layout 2 ASCII 0 Keyboard 1 Movement Vi Keybinds 0 Fullscreen 2 Font 32/SmallcapsGlow Map View 77x44 Zoom Use 0% Tactical HUD 1 Map Filters NONE Filters NONE Steam 1 RUN: eb08b220-9e4e-44e8-95c8-1934a74b331c